 Dungeon Crawl Stone Soup version 0.32-a0-5-gbffa963729 (webtiles) character file.

Game seed: 11997283936942689019

47 Flugslaktarn the Trooper (level 3, 0/34 HPs)
             Began as a Minotaur Fighter on Jan 13, 2024.
             Slain by Ijyb
             ... wielding a +5 dagger of electrocution
              (7 damage)
             ... while paralysed by Ijyb
             ... on level 3 of the Dungeon.
             The game lasted 00:00:43 (2111 turns).

Flugslaktarn the Trooper (Minotaur Fighter)         Turns: 2111, Time: 00:00:44

Health: 0/34       AC: 10    Str: 22    XL:     3   Next: 48%
Magic:  2/2        EV:  2    Int:  5    God:
Gold:   112        SH:  0    Dex:  9    Spells: 2/2 levels left

rFire   . . .        a - +0 war axe
rCold   . . .        c - +0 buckler
rNeg    + . .        b - +0 scale mail
rPois   .            (helmet restricted)
rElec   .            k - +1 cloak
rCorr   .            f - +0 pair of gloves
SInv    .            (no boots)
Will    .....        (no amulet) Stlth
                     j - ring of flight
HPRegen 0.25/turn    m - ring of positive energy
MPRegen 0.08/turn

%: no passive effects
@: paralysed, flying
A: horns 2, retaliatory headbutt
a: no special abilities


You were on level 3 of the Dungeon.
You visited 1 branch of the dungeon, and saw 3 of its levels.

You collected 112 gold pieces.

Inventory:

Hand Weapons
 a - a +0 war axe (weapon)
Armour
 b - a +0 scale mail (worn)
 c - a +0 buckler (worn)
 f - a +0 pair of gloves (worn)
   (You found it on level 1 of the Dungeon)
 k - a +1 cloak (worn)
   (You found it on level 1 of the Dungeon)
Jewellery
 j - a ring of flight (left hand)
   (You found it on level 1 of the Dungeon)
 m - a ring of positive energy (right hand)
   (You found it on level 2 of the Dungeon)
Scrolls
 g - 2 scrolls of fear {unknown}
 h - a scroll of silence {unknown}
 i - a scroll of blinking {unknown}
 l - a scroll of vulnerability {unknown}
 o - a scroll of identify {unknown}
Potions
 d - a potion of might
 e - a potion of lignification {unknown}
 n - 2 potions of invisibility {unknown}


   Skills:
 * Level 4.3 Fighting
 * Level 3.4 Axes
 + Level 3.9 Armour
 + Level 4.0 Shields


You had 2 spell levels left.
You didn't know any spells.
Your spell library contained the following spells:

 Spells                   Type           Power      Damage    Failure   Level
 Summon Ice Beast         Ice/Summ       0%         N/A       99%         3
 Summon Mana Viper        Hex/Summ       0%         N/A       100%        5
 Monstrous Menagerie      Summ           0%         N/A       100%        7


Dungeon Overview and Level Annotations

Branches:
Dungeon (3/15)

Altars:

Annotations:
D:3 Ijyb


Innate Abilities, Weirdness & Mutations

You have a pair of horns on your head.
You reflexively headbutt those who attack you in melee.


Message History

No target in view!
No target in view!
A quokka comes into view.
A quokka is nearby!
No target in view!
No target in view!
No target in view!
No target in view!
No target in view!
A quokka is nearby!
The quokka bites you but does no damage.
A quokka is nearby!
You barely miss the quokka. The quokka barely misses you.
You block the quokka's attack.
You slash the quokka!
You kill the quokka!
Your Shields skill increases to level 4!
No target in view!
No target in view!
You reach down and open the door.
Found a robe.
No target in view!
Found a spear.
No target in view!
No target in view!
No target in view!
No target in view!
No target in view!
No target in view!
There is an open door here.
You reach down and open the door.
There is an open door here.
You now have 108 gold pieces (gained 2).
There is an open door here.
A quokka comes into view.
A quokka is nearby!
A quokka is nearby!
You closely miss the quokka.
The quokka bites you but does no damage.
You hit the quokka. Your headbutt misses the quokka.
The quokka is heavily wounded.
The quokka misses you. You furiously retaliate!
You headbutt the quokka, but do no damage.
The quokka bites you.
You barely miss the quokka.
You headbutt the quokka, but do no damage.
The quokka is heavily wounded.
You block the quokka's attack. The quokka closely misses you.
You furiously retaliate!
You headbutt the quokka!
You kill the quokka!
No target in view!
No target in view!
No target in view!
You see here a quokka corpse.
You now have 112 gold pieces (gained 4).
There is a faded altar of an unknown god here.
There is a stone staircase leading down here.
You reach down and open the door.
There is an open door here.
There is an open door here.
There is an open door here.
Done exploring.
No target in view!
Done exploring.
Done exploring.
No target in view!
No target in view!
No target in view!
You reach down and open the door.
There is an open door here.
There is a stone staircase leading down here.
You fly downwards.
There is a stone staircase leading up here.
Unknown command.
Ijyb the Twisted Goblin comes into view.
She is wielding a +5 dagger of electrocution and carrying a wand of paralysis.
Ijyb shouts!
You hear a shout!
Ijyb zaps a wand.
You suddenly lose the ability to move!
You can move again.
There is a stone staircase leading up here.
You fly upwards.
There is a stone staircase leading down here.
You start waiting.
Done waiting.
You fly downwards.
Level annotation: Ijyb
There is a stone staircase leading up here.
Ijyb screams, "Die!"
You hit Ijyb but do no damage. Ijyb barely misses you.
You slash Ijyb!
Ijyb is moderately wounded.
Ijyb hits you with a +5 dagger of electrocution.
Ijyb zaps a wand.
You suddenly lose the ability to move!
Ijyb hits you with a +5 dagger of electrocution.
Ijyb hits you with a +5 dagger of electrocution!
You are electrocuted!
* * * LOW HITPOINT WARNING * * *
Ijyb hits you with a +5 dagger of electrocution.
* * * LOW HITPOINT WARNING * * *
Ijyb hits you with a +5 dagger of electrocution!
You die...

#.#######
.......<#
.#####.@#
#.g# #..#
#..# #..#
#..# #...
##.#


You could see Ijyb.

Vanquished Creatures
  An adder (D:2)
  A ribbon worm (D:2)
  A dart slug (D:2)
  An endoplasm (D:1)
  2 giant cockroaches (D:1)
  4 goblins
  4 hobgoblins
  5 quokkas
  A ball python (D:1)
  3 bats (D:2)
  5 kobolds
  A rat (D:1)
29 creatures vanquished.

Notes
Turn   | Place    | Note
-------+----------+-------------------------------------------
     0 | D:1      | Flugslaktarn the Minotaur Fighter began the quest for the
                  | Orb.
     0 | D:1      | Reached XP level 1. HP: 19/19 MP: 0/0
   456 | D:1      | Reached XP level 2. HP: 27/27 MP: 1/1
  1072 | D:2      | Found a faded altar of an unknown god.
  1404 | D:2      | Reached XP level 3. HP: 33/33 MP: 2/2
  1996 | D:3      | Noticed Ijyb
  1996 | D:3      | Paralysed by Ijyb for 4 turns
  2107 | D:3      | Paralysed by Ijyb for 5 turns
  2111 | D:3      | Slain by Ijyb

Illustrated notes

Levels and vault maps discovered:
D:1:      ebering_trefoil_3fold, layout_basic, interstate_on_off,
          chequers_serial_rivers_marsh, dk_noncrumbling_3, nicolae_titane
D:2:      layout_basic, ebering_ecumenical_altar_webs
D:3:      layout_basic, uniq_ijyb, uniq_natasha, uniq_jessica

Skill      XL: |  1  2  3 |
---------------+----------+-----
Fighting       | 4 |  4.3
Axes           | 3 |  3.4
Shields        | 4 |  4.0
Armour         | |  3.9

Action                     || total
---------------------------++-------
  Melee: War axe           ||    58
         Headbutt          ||     7
 Armour: Scale mail        ||    39
  Dodge: Dodged            ||    25
  Block: Buckler           ||    13

Table legend: (Time is in decaauts)
 A = Elapsed time spent in this place.
 B = Non-inter-level travel time spent in this place.
 C = Inter-level travel time spent in this place.
 D = Time resting spent in this place.
 E = Time spent auto-exploring this place.
 F = Levels seen in this place.
 G = Mean time per level.
                   A        B        C        D        E       F      G
               +--------+--------+--------+--------+--------+-----+--------+
         Total |   2136 |   2086 |     50 |    100 |   1744 |   3 |  712.0 |
       Dungeon |   2136 |   2086 |     50 |    100 |   1744 |   3 |  712.0 |
               +--------+--------+--------+--------+--------+-----+--------+

Top non-repeatable levels by time:
     D:2: 1081 daAuts
     D:1: 1040 daAuts
     D:3: 15 daAuts
